AoeStats
← dashuaibi

Arena

507682881Analyzed
3v3 RM · 13d ago on Sep 19, 2026· 39m 44s· 6 players
Game mode
Random Map
Map size
Normal (6 player)
Population
200
Speed
Normal
Resources
Standard
Victory
Conquest
Starting age
Dark Age
Ending age
Imperial Age
RankedLock teamsTeams togetherTeam positionsShared explorationLock speedFull tech treeHidden civsTurbo modeCheats
Victory
Defeat
🇳🇱 Inca · Netherlands
1899
+3
🇺🇸 Goths · United States
1893
+3
🇺🇸 Italians · United States
1785
+7
🇩🇪 Khmer · Germany
1695
-7
🇹🇼 Spanish · Taiwan
1513
-4
🇨🇳 Malay · China
1354
-2
sHeoG0ratH
11:14 Feudal Age
14:05 Castle Age
12:00 Double-Bit Axe
12:19 Horse Collar
13:39 Gold Mining
22:38 Wheelbarrow
25:59 Imperial Age
24:38 Loom
25:35 Hand Cart
26:30 Bloodlines
26:20 Husbandry
27:07 Scale Barding Armor
27:12 Forging
27:19 Bow Saw
26:34 Elite Battle Elephant
27:24 Heavy Plow
30:20 Chain Barding Armor
30:37 Iron Casting
31:58 Plate Barding Armor
35:57 Blast Furnace
35:33 Crop Rotation
elmor
8:34 Loom
8:47 Loom
10:44 Feudal Age
13:58 Fletching
18:37 Castle Age
28:24 Devotion
30:43 Double-Bit Axe
31:18 Horse Collar
38:26 Wheelbarrow
40:28 Imperial Age
dashuaibi
8:43 Loom
10:28 Feudal Age
16:08 Castle Age
15:08 Double-Bit Axe
15:04 Horse Collar
19:10 Bow Saw
21:57 Heavy Plow
23:02 Stone Mining
23:54 Wheelbarrow
24:16 Gold Mining
25:09 Stone Shaft Mining
28:43 Imperial Age
27:00 Hand Cart
26:30 Town Watch
27:03 Forging
27:06 Squires
26:51 Arson
28:49 Iron Casting
28:50 Crop Rotation
29:03 Conscription
28:05 Capped Ram
29:40 Masonry
29:38 Siege Engineers
31:12 Blast Furnace
30:21 Elite Karambit Warrior
32:25 Chemistry
33:12 Gold Shaft Mining
34:23 Fletching
33:57 Pikeman
34:45 Halberdier
37:18 Ballistics
38:08 Treadmill Crane
39:16 Forced Levy
IAmCharlieKirk67DiddyFan
10:31 Feudal Age
11:27 Double-Bit Axe
14:30 Castle Age
12:17 Horse Collar
15:21 Bow Saw
15:12 Heavy Plow
20:15 Wheelbarrow
20:11 Gold Mining
25:08 Imperial Age
23:03 Fletching
23:09 Stone Mining
23:46 Ballistics
24:12 Bodkin Arrow
24:17 Padded Archer Armor
24:11 Loom
24:35 Crossbowman
25:36 Thumb Ring
26:50 Chemistry
25:57 Arbalester
27:41 Bracer
28:24 Padded Archer Armor
29:12 Hand Cart
28:24 Elite Skirmisher
32:20 Scale Mail Armor
32:30 Forging
32:25 Squires
32:11 Arson
32:07 Pikeman
34:05 Pirotechnia
35:23 Leather Archer Armor
37:07 Chain Mail Armor
37:27 Iron Casting
38:40 Silk Road
38:40 Conscription
39:50 Ring Archer Armor
39:38 Caravan
White Knight
10:20 Feudal Age
14:16 Castle Age
12:29 Double-Bit Axe
12:24 Horse Collar
15:24 Bow Saw
21:02 Wheelbarrow
21:04 Heavy Plow
23:50 Hand Cart
23:34 Town Watch
27:32 Imperial Age
24:32 Champi Runner
25:13 Squires
24:58 Arson
25:15 Scale Mail Armor
25:42 Forging
25:28 Loom
25:18 Champi Warrior
26:43 Chain Mail Armor
26:03 Pikeman
26:54 Gold Mining
26:59 Stone Mining
27:44 Devotion
27:45 Halberdier
28:11 Capped Ram
29:35 Plate Mail Armor
31:33 Iron Casting
34:08 Conscription
33:48 Fabric Shields
33:42 Siege Ram
35:33 Siege Engineers
35:09 Treadmill Crane
36:50 Blast Furnace
35:48 Elite Kamayuk
38:09 Crop Rotation
38:36 Coinage
38:36 Masonry
39:58 Gold Shaft Mining
Choo Choo Chud
3:08 Loom
5:26 Loom
7:58 Feudal Age
12:27 Fletching
14:35 Double-Bit Axe
23:07 Castle Age
24:11 Bow Saw
23:58 Horse Collar
25:42 Heavy Plow
31:12 Gold Mining
32:35 Wheelbarrow
35:26 Imperial Age
33:31 Scale Mail Armor
34:05 Hand Cart
34:08 Squires
33:33 Pikeman
34:41 Chain Mail Armor
34:54 Stone Mining
35:50 Forging
36:31 Stone Shaft Mining
35:30 Halberdier
37:25 Chemistry
38:38 Iron Casting
40:26 Blast Furnace
Connection lost

Rejoining the realm…

Still unreachable

The connection could not be restored.

Session expired

The server has moved on; the page needs a fresh start.